[Event "Titled Tuesday Blitz July 11 Early 2023"]
[White "Rosh Jain"]
[Black "Komov, Roman"]
[WhiteFideId "25789465"]
[BlackFideId "24175714"]
[WhiteElo "2437"]
[BlackElo "2662"]
[Result "0-1"]
[Round "11"]
[TimeControl "180+2"]
[Date "2023.07.11"]
[WhiteClock "0:00:05"]
[BlackClock "0:00:32"]
[Board "32"]

1. e4 c5 2. Nc3 Nc6 3. f4 g6 4. Nf3 Bg7 5. a4 e6 6. e5 d6 7. Bb5 Ne7 8. Ne4 dxe5 9. fxe5 O-O 10. Nf6+ Kh8 11. d4 cxd4 12. Bg5 Qc7 13. Qe2 a6 14. h4 Nf5 15. Rh3 axb5 16. h5 Bxf6 17. Bxf6+ Kg8 18. g4 Ne3 19. c3 Rxa4 20. Rxa4 bxa4 21. cxd4 Nb4 22. Nd2 Qc1+ 23. Kf2 Nxg4+ 24. Qxg4 Qxd2+ 25. Kg1 Nc2 26. hxg6 fxg6 27. Rxh7 Kxh7 28. Bg5 Qxd4+ 29. Qxd4 Nxd4 0-1


[Site "https://www.chess.com"]

[Event "Titled Tuesday Blitz July 11 Early 2023"]
[White "Oleksiyenko, Mykhaylo"]
[Black "Todorovic, Bojan"]
[WhiteFideId "4152417"]
[BlackFideId "917087"]
[WhiteElo "2662"]
[BlackElo "2374"]
[Result "1-0"]
[Round "11"]
[TimeControl "180+2"]
[Date "2023.07.11"]
[WhiteClock "0:01:12"]
[BlackClock "0:00:33"]
[Board "33"]

1. e4 g6 2. d4 Bg7 3. f4 d6 4. Nf3 a6 5. Nc3 b5 6. Bd3 Bb7 7. e5 Nd7 8. a4 b4 9. Ne4 c5 10. c3 Bxe4 11. Bxe4 Rb8 12. O-O e6 13. exd6 Qb6 14. dxc5 Nxc5 15. Be3 Nf6 16. a5 Qb5 17. Nd4 Qxf1+ 18. Qxf1 Nfxe4 19. cxb4 Rxb4 20. Nc6 Rxb2 21. Bxc5 Nxc5 22. Rc1 Nd7 23. Ne7 Bd4+ 24. Kh1 Kf8 25. Qc4 Bc5 26. Qc3 1-0


[Site "https://www.chess.com"]

[Event "Titled Tuesday Blitz July 11 Early 2023"]
[White "Xu, Yi"]
[Black "Ganiev, Roman"]
[WhiteFideId "8605564"]
[BlackFideId "4131452"]
[WhiteElo "2720"]
[BlackElo "2577"]
[Result "1-0"]
[Round "11"]
[TimeControl "180+2"]
[Date "2023.07.11"]
[WhiteClock "0:00:45"]
[BlackClock "0:00:00"]
[Board "34"]

1. c3 e5 2. d4 exd4 3. cxd4 Nf6 4. Nf3 d5 5. Nc3 c6 6. Bf4 Bd6 7. g3 O-O 8. e3 Bg4 9. h3 Bh5 10. Bd3 Re8 11. Bxd6 Qxd6 12. g4 Bg6 13. Bxg6 hxg6 14. Qc2 Nbd7 15. O-O-O a5 16. Kb1 b5 17. g5 Ne4 18. Nxe4 Rxe4 19. Rc1 Ra6 20. h4 a4 21. h5 b4 22. h6 b3 23. axb3 axb3 24. Qxb3 Rb6 25. Qc3 Re8 26. hxg7 Kxg7 27. Rh4 Reb8 28. Rc2 Qe6 29. Ne5 Nxe5 30. dxe5 Rb3 31. Qd4 Kg8 32. Qf4 d4 33. Qf6 Qxf6 34. gxf6 d3 35. Rd2 c5 36. f4 c4 37. Rdh2 Rxb2+ 38. Rxb2 1-0


[Site "https://www.chess.com"]

[Event "Titled Tuesday Blitz July 11 Early 2023"]
[White "Wagner, Dennis"]
[Black "Kumala, Aleksander"]
[WhiteFideId "24650684"]
[BlackFideId "1141880"]
[WhiteElo "2715"]
[BlackElo "2568"]
[Result "1-0"]
[Round "11"]
[TimeControl "180+2"]
[Date "2023.07.11"]
[WhiteClock "0:00:21"]
[BlackClock "0:00:02"]
[Board "35"]

1. d4 Nf6 2. Nf3 e6 3. c4 Nc6 4. g3 Bb4+ 5. Nbd2 d6 6. Bg2 Qe7 7. O-O Bxd2 8. Bxd2 e5 9. d5 Nb8 10. Qc2 O-O 11. b4 a5 12. bxa5 Na6 13. Bc3 Nc5 14. Nd2 Bd7 15. Nb3 Ba4 16. Qb1 Nfd7 17. e4 Qg5 18. f4 Qh6 19. Kh1 exf4 20. gxf4 Rae8 21. Nxc5 Nxc5 22. e5 Bd7 23. Qe1 Bh3 24. Qg3 Bxg2+ 25. Qxg2 g6 26. Rad1 Qh5 27. Rde1 Qf5 28. Re3 Nd3 29. Qg3 Nxe5 30. Rfe1 Nxc4 31. Rxe8 Qxd5+ 32. Qg2 Qd3 33. Bf6 Nd2 34. Qxb7 Qf3+ 35. Qxf3 Nxf3 36. R1e3 Nd2 37. a6 Nc4 38. a7 Nxe3 39. Rxf8+ Kxf8 40. a8=Q# 1-0


[Site "https://www.chess.com"]

[Event "Titled Tuesday Blitz July 11 Early 2023"]
[White "Leon Oquendo, Jorge"]
[Black "Gunina, Valentina"]
[WhiteFideId "3514803"]
[BlackFideId "4167570"]
[WhiteElo "2566"]
[BlackElo "2712"]
[Result "1-0"]
[Round "11"]
[TimeControl "180+2"]
[Date "2023.07.11"]
[WhiteClock "0:00:09"]
[BlackClock "0:00:01"]
[Board "36"]

1. d4 d5 2. c4 c6 3. Nf3 Nf6 4. e3 Bg4 5. Qb3 Qb6 6. Ne5 Bf5 7. Nc3 e6 8. Bd2 Nbd7 9. f4 Be7 10. Be2 h6 11. O-O O-O 12. Rac1 Rad8 13. Na4 Qxb3 14. axb3 Ne4 15. Ba5 Nxe5 16. Bxd8 Rxd8 17. fxe5 Bg5 18. g4 Bxe3+ 19. Kg2 Bxc1 20. gxf5 Be3 21. fxe6 fxe6 22. Bg4 Bxd4 23. Bxe6+ Kh8 24. cxd5 cxd5 25. Rf5 a5 26. Bf7 Rc8 27. e6 Rc2+ 28. Kh3 Bf6 29. Rxd5 Re2 30. Nc5 Ng5+ 31. Kg4 b6 32. Nd7 Bxb2 33. Kf5 Nxe6 34. Bxe6 g6+ 35. Kxg6 Rxe6+ 36. Kf7 Re3 37. Rf5 Bg7 38. Rb5 Rf3+ 39. Ke6 Bd4 40. Kd5 Bg1 41. h4 Rf4 42. h5 Kg7 43. Kc6 Rh4 44. Nxb6 Rh3 45. Nc4 Kf6 46. Nxa5 Be3 47. Nc4 Bg5 48. Kd7 Rxh5 49. b4 Rh1 50. Nd6 Rd1 51. Kc6 Ke6 52. Nc4 Rc1 53. Rc5 Be7 54. Re5+ Kf6 55. Re4 Bxb4 56. Kd5 Rd1+ 57. Kc6 Kf5 58. Re8 h5 59. Ne3+ Kf4 60. Nxd1 h4 61. Rh8 Kg3 62. Ne3 Bc3 63. Nf5+ Kg4 64. Rxh4+ Kxf5 65. Rc4 Be5 66. Kd5 Bg7 67. Re4 Bc3 68. Re6 Bf6 69. Re8 Bg7 70. Re2 Bc3 71. Rf2+ Kg6 72. Ke6 Bd4 73. Rg2+ Kh5 74. Kf5 Kh4 75. Rg4+ Kh3 76. Rxd4 1-0


[Site "https://www.chess.com"]

[Event "Titled Tuesday Blitz July 11 Early 2023"]
[White "Orlov, Georgi"]
[Black "Weetik, Vjacheslav"]
[WhiteFideId "2011271"]
[BlackFideId "4153472"]
[WhiteElo "2565"]
[BlackElo "2710"]
[Result "0-1"]
[Round "11"]
[TimeControl "180+2"]
[Date "2023.07.11"]
[WhiteClock "0:00:00"]
[BlackClock "0:00:06"]
[Board "37"]

1. d4 Nf6 2. Nf3 g6 3. c4 Bg7 4. Nc3 d6 5. e4 O-O 6. Be2 e5 7. dxe5 dxe5 8. Qxd8 Rxd8 9. Bg5 Re8 10. Nd5 Nxd5 11. cxd5 c6 12. Bc4 cxd5 13. Bxd5 Nd7 14. Ke2 h6 15. Bh4 g5 16. Bg3 Nf6 17. Rhd1 Nxd5 18. Rxd5 Be6 19. Rc5 f6 20. b3 Bf8 21. Rc7 Rab8 22. Nd2 Bd6 23. Rc2 b5 24. f3 Ba3 25. Bf2 Rbc8 26. Rxc8 Rxc8 27. Bxa7 Rc2 28. Kd3 Rb2 29. Be3 h5 30. Kc3 h4 31. h3 Kf7 32. Bc5 Rxd2 33. Kxd2 Bxc5 34. a4 Bd4 35. Rc1 Bxb3 36. axb5 Ke7 37. Rc7+ Kd6 38. Rc6+ Kd7 39. Rxf6 Bc4 40. b6 Bf1 41. Rf7+ Kc8 42. b7+ Kb8 43. Rg7 Bxg2 44. Ke2 Bxh3 45. Rxg5 Bd7 46. Rg7 Bb5+ 47. Kd2 h3 48. Rh7 Bf1 49. Ke1 Bg2 50. Ke2 Bg1 51. f4 h2 52. f5 h1=Q 53. Rxh1 Bxh1 54. f6 Bc5 55. Kd3 Kxb7 56. f7 Kc6 57. Kc4 Bf8 58. Kd3 Bf3 59. Ke3 Bh5 0-1


[Site "https://www.chess.com"]

[Event "Titled Tuesday Blitz July 11 Early 2023"]
[White "Karttunen, Mika"]
[Black "Petrosian, Karlen"]
[WhiteFideId "502081"]
[BlackFideId "4176146"]
[WhiteElo "2561"]
[BlackElo "2699"]
[Result "1/2-1/2"]
[Round "11"]
[TimeControl "180+2"]
[Date "2023.07.11"]
[WhiteClock "0:00:03"]
[BlackClock "0:00:07"]
[Board "38"]

1. e4 e6 2. d4 d5 3. Nc3 Nf6 4. e5 Nfd7 5. f4 c5 6. Nf3 Nc6 7. Be3 a6 8. Qd2 Qb6 9. Nd1 cxd4 10. Nxd4 Nxd4 11. Bxd4 Bc5 12. c3 O-O 13. Qe3 f6 14. exf6 Bxd4 15. Qxd4 Qxd4 16. cxd4 gxf6 17. Ne3 Nb6 18. Bd3 e5 19. O-O e4 20. Be2 Bd7 21. Rfc1 Kf7 22. f5 Ke7 23. Rc5 Bc6 24. b3 Kd6 25. a4 Nd7 26. Rc3 a5 27. Rac1 Rf7 28. Kf2 Rg7 29. Nf1 Rag8 30. g4 h5 31. gxh5 Rg2+ 32. Ke1 R8g5 33. Rg3 Nf8 34. Rxg5 Rxg5 35. Rc3 Bd7 36. Ng3 Nh7 37. h4 Rg8 38. Kf2 Nf8 39. Bb5 b6 40. Ba6 Rh8 41. Bc8 Nh7 42. Bxd7 Kxd7 43. Ne2 Rg8 44. Rg3 Rxg3 45. Kxg3 Kd6 46. Nf4 Nf8 47. h6 Nh7 48. Kg4 e3 49. Kf3 Kc6 50. Kxe3 b5 51. Kf3 bxa4 52. bxa4 Kd6 53. Kg4 Ke7 54. Kh5 Kf7 55. Nxd5 Nf8 56. Nf4 Nd7 57. Kg4 Nb6 58. d5 Nxa4 59. d6 Nc5 60. Nd5 a4 61. Nc3 a3 62. Kf3 Kg8 63. Ke3 Kh7 64. Kd4 Nd7 65. Kd5 Kxh6 66. Ke6 Nc5+ 67. Kxf6 Ne4+ 68. Kf7 Nxd6+ 69. Ke6 Ne8 70. f6 Nxf6 71. Kxf6 Kh5 72. Kf5 Kxh4 73. Ke4 Kg3 74. Kd3 Kf2 75. Kc2 a2 76. Nxa2 1/2-1/2


[Site "https://www.chess.com"]

[Event "Titled Tuesday Blitz July 11 Early 2023"]
[White "Shubenkova, Veronika"]
[Black "Timerkhanov, Alexander"]
[WhiteFideId "44124040"]
[BlackFideId "24177938"]
[WhiteElo "2560"]
[BlackElo "2696"]
[Result "1-0"]
[Round "11"]
[TimeControl "180+2"]
[Date "2023.07.11"]
[WhiteClock "0:01:12"]
[BlackClock "0:00:00"]
[Board "39"]

1. e4 c5 2. Nc3 a6 3. g3 d6 4. Bg2 Nf6 5. d3 Nc6 6. f4 e6 7. Nf3 Ke7 8. O-O Ke8 9. Be3 Be7 10. h3 Qc7 11. Ne2 b5 12. Rb1 Bb7 13. g4 h6 14. Ng3 d5 15. e5 Nd7 16. c3 Kd8 17. b3 Kc8 18. d4 Kb8 19. dxc5 Bxc5 20. Nd4 Qb6 21. Nge2 b4 22. cxb4 Nxb4 23. a3 Nc6 24. b4 Be7 25. Rc1 Nxd4 26. Nxd4 Rc8 27. Nc6+ Qxc6 28. Rxc6 Bxc6 29. Qd4 Bb5 30. Rc1 Rxc1+ 31. Bxc1 Kb7 32. Be3 Bd8 33. f5 Bb6 34. Qf4 Bc7 35. fxe6 fxe6 36. Qf7 Nxe5 37. Qxe6 Re8 38. Bxd5+ Kb8 39. Qf5 Nd3 40. Qf3 Ne1 41. Qf2 Nd3 42. Qd2 Rd8 43. a4 Ne5 44. axb5 Nf3+ 45. Bxf3 1-0


[Site "https://www.chess.com"]

[Event "Titled Tuesday Blitz July 11 Early 2023"]
[White "robertoalejandro10"]
[Black "Materia, Marco"]
[BlackFideId "45150451"]
[WhiteElo "2557"]
[BlackElo "2691"]
[Result "0-1"]
[Round "11"]
[TimeControl "180+2"]
[Date "2023.07.11"]
[WhiteClock "0:00:01"]
[BlackClock "0:01:32"]
[Board "40"]

1. e4 c5 2. d4 cxd4 3. c3 dxc3 4. Nxc3 e6 5. Bf4 a6 6. Nf3 Nc6 7. Bd3 Nge7 8. e5 Ng6 9. Bg3 Qa5 10. Qe2 Be7 11. h4 b5 12. h5 Nf8 13. O-O Bb7 14. Ne4 h6 15. Nd6+ Bxd6 16. exd6 Nh7 17. Bxh7 Rxh7 18. Qe4 Rh8 19. Qh4 Qb4 20. Bf4 Qxb2 21. Ne5 f6 22. Nxc6 Bxc6 23. Qg3 O-O-O 24. a4 b4 25. Rfb1 Qc3 26. Be3 a5 27. Rc1 Qe5 28. Qh4 Kb7 29. Qc4 Rc8 30. Bf4 Qd5 31. Qf1 e5 32. Be3 Qxd6 33. Rc5 Ra8 34. Rac1 Rhc8 35. Rd1 Qe6 36. Rdc1 Kc7 37. Qd3 Kd8 38. Qg6 Qe7 39. Qh7 Qf7 40. Qh8+ Ke7 41. Qh7 Rh8 42. Qf5 Qe6 43. Qg6 Kf8 44. R5c2 Qf7 45. Bc5+ Kg8 46. Qg3 Qxh5 47. Rd2 Kh7 48. Rcd1 Rhc8 49. Qd3+ Qg6 50. Qh3 Bxa4 51. Rc1 Bc6 52. Rd3 Qf7 53. Rg3 d5 54. Re1 Bd7 55. Qh4 b3 56. Be3 Rc4 57. Qh2 b2 58. f3 Rb8 59. Kf2 b1=Q 60. Rxb1 Rc2+ 0-1


[Site "https://www.chess.com"]

[Event "Titled Tuesday Blitz July 11 Early 2023"]
[White "Schwabeneder, Florian"]
[Black "Yurovskykh, Oleksandr"]
[WhiteFideId "1626191"]
[BlackFideId "14134020"]
[WhiteElo "2679"]
[BlackElo "2554"]
[Result "1/2-1/2"]
[Round "11"]
[TimeControl "180+2"]
[Date "2023.07.11"]
[WhiteClock "0:00:10"]
[BlackClock "0:00:15"]
[Board "41"]

1. Nf3 Nf6 2. d4 d5 3. c4 e6 4. g3 Bb4+ 5. Nbd2 dxc4 6. Bg2 O-O 7. O-O b5 8. Qc2 Bb7 9. a3 Be7 10. b3 cxb3 11. Nxb3 Be4 12. Qb2 Nbd7 13. Bg5 c6 14. Rac1 Qb6 15. Rfd1 Rac8 16. Ne5 Bxg2 17. Nxd7 Nxd7 18. Bxe7 Bd5 19. Bxf8 Rxf8 20. Nc5 Nxc5 21. dxc5 Qc7 22. f3 f5 23. Rd4 e5 24. Rd2 e4 25. Qc3 exf3 26. exf3 f4 27. g4 Re8 28. Rxd5 cxd5 29. Qd4 Qe5 30. Qxe5 Rxe5 31. c6 Re8 32. Rc5 Rc8 33. Kf2 Kf7 34. Rxd5 Rxc6 35. Rxb5 Rc2+ 36. Kg1 Rc3 37. Rf5+ Kg6 38. Rxf4 Rxa3 39. Kg2 h6 40. h4 a5 41. Kg3 Rb3 42. Rf5 a4 43. Ra5 a3 44. Ra6+ Kf7 45. h5 Rc3 46. Kf4 Rc4+ 47. Ke5 Rc5+ 48. Kd4 Rc7 49. Rxa3 Rd7+ 50. Ke4 Re7+ 51. Kf4 Rb7 52. Ra5 Rb4+ 53. Kf5 Rb7 54. f4 Rc7 55. Rd5 Rb7 56. Rc5 Rd7 57. g5 hxg5 58. fxg5 g6+ 59. hxg6+ Kg7 60. Re5 Ra7 61. Rd5 Rb7 62. Re5 Ra7 63. Rd5 Rb7 64. Re5 Ra7 1/2-1/2


[Site "https://www.chess.com"]

[Event "Titled Tuesday Blitz July 11 Early 2023"]
[White "Shuvalova, Polina"]
[Black "Bilan, Danila"]
[WhiteFideId "24171760"]
[BlackFideId "24161918"]
[WhiteElo "2676"]
[BlackElo "2541"]
[Result "1-0"]
[Round "11"]
[TimeControl "180+2"]
[Date "2023.07.11"]
[WhiteClock "0:01:15"]
[BlackClock "0:00:00"]
[Board "42"]

1. e4 c6 2. d4 d5 3. exd5 cxd5 4. Bd3 Nc6 5. c3 Qc7 6. Ne2 Bg4 7. O-O e6 8. Qe1 Bh5 9. f4 Nge7 10. Ng3 Bg6 11. f5 exf5 12. Nxf5 Bxf5 13. Bxf5 g6 14. Bd3 Bg7 15. Bg5 O-O 16. Nd2 Rae8 17. Qf2 f5 18. Rae1 Nc8 19. Qf3 Qf7 20. Bf4 Rd8 21. Re2 Nd6 22. Bxd6 Rxd6 23. Rfe1 Bxd4+ 24. cxd4 Nxd4 25. Qe3 Nxe2+ 26. Rxe2 Kg7 27. Nf3 d4 28. Qf4 Rfd8 29. h4 Qxa2 30. Re7+ Kf8 31. Rxh7 Qg8 32. Qh6+ Ke8 33. Bb5+ 1-0


[Site "https://www.chess.com"]

[Event "Titled Tuesday Blitz July 11 Early 2023"]
[White "only_strong_moves"]
[Black "Skliarov, Viktor"]
[BlackFideId "14106736"]
[WhiteElo "2539"]
[BlackElo "2643"]
[Result "1-0"]
[Round "11"]
[TimeControl "180+2"]
[Date "2023.07.11"]
[WhiteClock "0:00:05"]
[BlackClock "0:00:04"]
[Board "43"]

1. d4 Nf6 2. c4 e6 3. Nf3 c5 4. d5 exd5 5. cxd5 d6 6. Nc3 g6 7. Nd2 Bg7 8. e4 O-O 9. Be2 a6 10. a4 Nbd7 11. O-O Re8 12. h3 Rb8 13. a5 h6 14. Qc2 g5 15. f4 gxf4 16. Nc4 Ne5 17. Bxf4 Nxc4 18. Bxc4 b5 19. axb6 Rxb6 20. Rae1 Nh5 21. Bc1 Bd4+ 22. Be3 Qh4 23. Bxd4 cxd4 24. Na4 Rb4 25. b3 Ng3 26. Qf2 f6 27. e5 Rxe5 28. Rxe5 dxe5 29. Qxf6 Qxf6 30. Rxf6 Ne4 31. Rc6 Bd7 32. Rc7 Bxa4 33. bxa4 Nd6 34. Bxa6 Rxa4 35. Rc6 Nf5 36. d6 Kf8 37. Rc8+ Kf7 38. d7 Ra1+ 39. Kh2 Rxa6 40. d8=Q Rd6 41. Qc7+ Ke6 42. Qc4+ Kf6 43. Rf8+ Kg5 44. Qg8+ Kf4 45. Qg3+ Ke4 46. Qf3# 1-0


[Site "https://www.chess.com"]

[Event "Titled Tuesday Blitz July 11 Early 2023"]
[White "Akylbek2021"]
[Black "Koshulyan, Egor A."]
[BlackFideId "24237000"]
[WhiteElo "2533"]
[BlackElo "2641"]
[Result "1-0"]
[Round "11"]
[TimeControl "180+2"]
[Date "2023.07.11"]
[WhiteClock "0:00:37"]
[BlackClock "0:00:11"]
[Board "44"]

1. e4 c5 2. Nf3 Nc6 3. Bb5 g5 4. d3 g4 5. Nfd2 h5 6. Nc3 Bg7 7. Bc4 Nd4 8. Nb3 e6 9. Be3 d6 10. h3 a6 11. a4 g3 12. fxg3 b6 13. O-O Ne7 14. Bxd4 cxd4 15. Qf3 Rf8 16. Ne2 Qc7 17. Nbxd4 Qc5 18. Qf2 Bb7 19. Bb3 Ng6 20. c3 Ne5 21. Rad1 b5 22. Nf3 Nxf3+ 23. gxf3 Qg5 24. h4 Qe7 25. Nf4 Be5 26. Ne2 Rg8 27. f4 Bf6 28. Kh2 Rg4 29. Ng1 Kd7 30. Nf3 Rag8 31. Ng5 Ke8 32. axb5 axb5 33. Ra1 Qd7 34. Ra7 Bd8 35. Rfa1 Qc6 36. c4 Bb6 37. Qf3 Bxa7 38. Rxa7 bxc4 39. Ba4 cxd3 40. Bxc6+ Bxc6 41. Qxd3 1-0


[Site "https://www.chess.com"]

[Event "Titled Tuesday Blitz July 11 Early 2023"]
[White "Souleidis, Georgios"]
[Black "Belov, Alexei"]
[WhiteFideId "4206827"]
[BlackFideId "4128206"]
[WhiteElo "2611"]
[BlackElo "2524"]
[Result "1-0"]
[Round "11"]
[TimeControl "180+2"]
[Date "2023.07.11"]
[WhiteClock "0:00:05"]
[BlackClock "0:00:26"]
[Board "45"]

1. e4 e6 2. d4 d5 3. Nc3 Nf6 4. Bg5 dxe4 5. Nxe4 Be7 6. Nxf6+ Bxf6 7. Bxf6 Qxf6 8. Nf3 c5 9. c3 cxd4 10. Qxd4 Nc6 11. Qxf6 gxf6 12. O-O-O Bd7 13. g3 O-O-O 14. Bg2 e5 15. Rhe1 h5 16. Nh4 Bg4 17. Rxd8+ Rxd8 18. Bxc6 bxc6 19. f3 Be6 20. b3 a5 21. Rd1 Rxd1+ 22. Kxd1 a4 23. Kc2 axb3+ 24. axb3 f5 25. b4 Bc4 26. Nxf5 Kd7 27. Kd2 Bd5 28. Ke3 f6 29. h4 Bf7 30. Kd2 Bd5 31. Ke2 Bc4+ 32. Kf2 Bf7 33. Ne3 c5 34. bxc5 Kc6 35. Ke2 Kxc5 36. Kd2 Bg6 37. g4 Bf7 38. Ke2 Be8 39. Nf5 Bf7 40. Ng7 hxg4 41. fxg4 Kc4 42. Kd2 Kd5 43. Ke3 Kc4 44. Kd2 Kd5 45. Nf5 Be6 46. h5 Ke4 47. Ng7 Bg8 48. c4 Kd4 49. h6 Kxc4 50. Nh5 Bh7 51. Nxf6 Bg6 52. h7 Bxh7 53. Nxh7 Kd4 54. g5 Ke4 55. g6 1-0


[Site "https://www.chess.com"]

[Event "Titled Tuesday Blitz July 11 Early 2023"]
[White "Sadykov, Ramil"]
[Black "Osmak, Yuliia"]
[WhiteFideId "24113590"]
[BlackFideId "14101602"]
[WhiteElo "2610"]
[BlackElo "2518"]
[Result "1-0"]
[Round "11"]
[TimeControl "180+2"]
[Date "2023.07.11"]
[WhiteClock "0:00:14"]
[BlackClock "0:00:19"]
[Board "46"]

1. e4 c5 2. Nf3 d6 3. d4 cxd4 4. Nxd4 Nf6 5. f3 e5 6. Nb3 Be6 7. c4 Nbd7 8. Nc3 Rc8 9. Nd5 Bxd5 10. cxd5 Be7 11. Be3 O-O 12. Be2 Nh5 13. g3 Bg5 14. Bf2 g6 15. O-O Ng7 16. a4 a6 17. Qe1 f5 18. Qb4 Qc7 19. Na5 Nc5 20. Bxc5 dxc5 21. Qc3 Ne8 22. exf5 gxf5 23. Nc4 Bf6 24. Qd3 Bg7 25. d6 Qf7 26. d7 Rd8 27. dxe8=Q Rfxe8 28. Qc2 Rd4 29. Ne3 f4 30. Bc4 Re6 31. Bxe6 Qxe6 32. Nf5 Rc4 33. Qd3 Bf6 34. Rad1 Rb4 35. gxf4 Rxf4 36. Ng3 Rd4 37. Qe2 Bg5 38. Ne4 Bf4 39. Nxc5 Qb6 40. Rxd4 Qxc5 41. Qc4+ Qxc4 42. Rxc4 1-0


[Site "https://www.chess.com"]

[Event "Titled Tuesday Blitz July 11 Early 2023"]
[White "Womacka, Mathias"]
[Black "Borgaonkar Akshay"]
[WhiteFideId "4611390"]
[BlackFideId "25639110"]
[WhiteElo "2510"]
[BlackElo "2607"]
[Result "0-1"]
[Round "11"]
[TimeControl "180+2"]
[Date "2023.07.11"]
[WhiteClock "0:00:12"]
[BlackClock "0:00:14"]
[Board "47"]

1. e4 c5 2. Nf3 e6 3. d4 cxd4 4. Nxd4 Nc6 5. Nc3 Qc7 6. Be2 a6 7. O-O Nf6 8. Be3 Be7 9. f4 d6 10. Kh1 O-O 11. Qe1 Nxd4 12. Bxd4 b5 13. a3 Bb7 14. Qg3 Bc6 15. Rae1 Rac8 16. Bd3 Rfd8 17. e5 dxe5 18. Bxe5 Qb7 19. f5 exf5 20. Bxf5 Rd2 21. Re2 Rcd8 22. Bd3 Rxe2 23. Nxe2 Nh5 24. Qh3 g6 25. Nd4 Bd5 26. c3 Qc8 27. Qxc8 Rxc8 28. Kg1 f6 29. Bg3 Nxg3 30. hxg3 f5 31. Be2 Bd6 32. Kf2 Bc5 33. Rd1 Bb3 34. Rd2 Rd8 35. Bf3 a5 36. Ke2 Bc4+ 37. Kd1 b4 38. axb4 axb4 39. Kc2 b3+ 40. Kd1 Bb6 41. Be2 Bd5 42. Bf3 Bxd4 43. Rxd4 Bxf3+ 44. gxf3 Rxd4+ 45. cxd4 g5 46. Kd2 h5 47. f4 gxf4 48. gxf4 Kf7 49. Ke3 Ke6 50. Kf3 Kd5 51. Kg3 Kxd4 52. Kh4 Ke4 53. Kxh5 Kxf4 54. Kg6 Ke3 55. Kf6 Kd2 56. Kxf5 Kc2 57. Ke4 Kxb2 58. Kd3 Ka2 59. Kd2 b2 60. Kc3 b1=Q 61. Kc4 Qb3+ 0-1


[Site "https://www.chess.com"]

[Event "Titled Tuesday Blitz July 11 Early 2023"]
[White "Weishaeutel, Moritz"]
[Black "gueraumasague"]
[WhiteFideId "12967300"]
[WhiteElo "2604"]
[BlackElo "2505"]
[Result "1-0"]
[Round "11"]
[TimeControl "180+2"]
[Date "2023.07.11"]
[WhiteClock "0:00:04"]
[BlackClock "0:00:00"]
[Board "48"]

1. e4 g6 2. h4 Bg7 3. h5 d5 4. exd5 Qxd5 5. Nc3 Qa5 6. Nf3 Bg4 7. d4 Bxh5 8. Bd2 Nf6 9. Bc4 c6 10. Qe2 Qf5 11. O-O-O Bxf3 12. gxf3 Nbd7 13. Ne4 O-O 14. Ng5 e6 15. Nxe6 Rfe8 16. Nxg7 Kxg7 17. Qf1 h5 18. Qg2 Nd5 19. Bd3 Qf6 20. Rxh5 Nf4 21. Bxf4 Qxf4+ 22. Kb1 Rh8 23. Rf5 Qd6 24. Rg1 Rh6 25. Bc4 Rf8 26. Bb3 Qh2 27. Qg5 Qh4 28. Qxh4 Rxh4 29. d5 cxd5 30. Rxd5 Nf6 31. Rd2 Rf4 32. Rd3 Re8 33. a4 Re7 34. Rgd1 a6 35. Rc3 Ne8 36. Rd8 Nf6 37. Rcc8 Rxf3 38. Rb8 Rxf2 39. Rd4 Rf3 40. Rb4 Re1+ 41. Ka2 Rff1 42. Bc4 Nd7 43. R8xb7 Nc5 44. Bxf1 Nxb7 45. Bxa6 Nc5 46. Bc4 g5 47. a5 g4 48. Rb5 Ne6 49. a6 g3 50. a7 Kf6 51. a8=Q g2 52. Qxg2 Re5 53. Qf2+ 1-0


[Site "https://www.chess.com"]

[Event "Titled Tuesday Blitz July 11 Early 2023"]
[White "Zavgorodniy, Sergiy"]
[Black "Jovic, Stanoje"]
[WhiteFideId "14110148"]
[BlackFideId "905020"]
[WhiteElo "2601"]
[BlackElo "2504"]
[Result "0-1"]
[Round "11"]
[TimeControl "180+2"]
[Date "2023.07.11"]
[WhiteClock "0:00:10"]
[BlackClock "0:00:38"]
[Board "49"]

1. e4 c6 2. d4 d5 3. exd5 cxd5 4. c4 Nf6 5. Nc3 Nc6 6. Nf3 Bg4 7. cxd5 Nxd5 8. Qb3 Bxf3 9. gxf3 Nb6 10. Be3 e6 11. Rg1 Be7 12. Rxg7 Bf6 13. Rg4 h5 14. Re4 Bxd4 15. O-O-O Bxe3+ 16. fxe3 Qe7 17. Bb5 Rd8 18. Rxd8+ Qxd8 19. a4 Rg8 20. a5 Rg1+ 21. Kc2 Nd7 22. Bxc6 bxc6 23. Qa4 Qc7 24. Rh4 Rg5 25. Qd4 Qxa5 26. f4 Rg2+ 27. Kb1 Qf5+ 28. Qe4 Nf6 29. Qxf5 exf5 30. Rh3 Kd7 31. Ka2 Kd6 32. Kb3 Kc5 33. Rg3 Rxg3 34. hxg3 Ne4 35. Ne2 Kd5 36. Kc2 Kc4 37. b3+ Kb4 38. Kb2 c5 39. Ka2 Nc3+ 40. Kb2 Nxe2 0-1


[Site "https://www.chess.com"]

[Event "Titled Tuesday Blitz July 11 Early 2023"]
[White "Altman, Joshua"]
[Black "Ocelak, Jakub"]
[WhiteFideId "426210"]
[BlackFideId "23707933"]
[WhiteElo "2598"]
[BlackElo "2496"]
[Result "1/2-1/2"]
[Round "11"]
[TimeControl "180+2"]
[Date "2023.07.11"]
[WhiteClock "0:00:06"]
[BlackClock "0:00:02"]
[Board "50"]

1. Nf3 d5 2. g3 Nd7 3. d4 Nb6 4. Bg2 Bf5 5. O-O e6 6. b3 Nf6 7. Bb2 Be7 8. Nbd2 a5 9. c4 O-O 10. Ne5 c6 11. a3 Nbd7 12. Ndf3 Be4 13. Nxd7 Nxd7 14. Rc1 Bf6 15. e3 Re8 16. Ne1 Bxg2 17. Kxg2 dxc4 18. bxc4 c5 19. Qc2 cxd4 20. exd4 Nb6 21. Nf3 Rc8 22. Qb3 Qc7 23. Rc2 Qc6 24. Rfc1 a4 25. Qd3 Rcd8 26. Kg1 Qd7 27. d5 Bxb2 28. Rxb2 Nc8 29. Rcb1 exd5 30. Rxb7 Qg4 31. cxd5 Nd6 32. R7b4 Qd7 33. Qd1 Re4 34. Ng5 Rxb4 35. Rxb4 h6 36. Nf3 Nf5 37. Rxa4 Qxd5 38. Qxd5 Rxd5 39. Ra8+ Kh7 40. a4 g5 41. h3 Kg6 42. a5 h5 43. g4 hxg4 44. hxg4 Ng7 45. a6 Ra5 46. a7 f6 47. Kg2 Kh7 48. Kg3 Ne6 49. Re8 Rxa7 50. Rxe6 Kg6 51. Nd4 Kf7 52. Re3 Ra4 53. Nf5 Kg6 54. Re7 Rxg4+ 55. Kxg4 1/2-1/2


[Site "https://www.chess.com"]

[Event "Titled Tuesday Blitz July 11 Early 2023"]
[White "Rakitic2010"]
[Black "ArtemDyachuk"]
[WhiteElo "2482"]
[BlackElo "2591"]
[Result "1-0"]
[Round "11"]
[TimeControl "180+2"]
[Date "2023.07.11"]
[WhiteClock "0:00:46"]
[BlackClock "0:01:04"]
[Board "51"]

1. e4 c5 2. Nf3 Nc6 3. d4 cxd4 4. Nxd4 Nf6 5. Nc3 e5 6. Ndb5 d6 7. Bg5 a6 8. Na3 b5 9. Nd5 Be7 10. Bxf6 Bxf6 11. c4 b4 12. Nc2 a5 13. g3 g6 14. Bg2 Bg7 15. O-O O-O 16. Qd3 f5 17. Rad1 f4 18. c5 Ba6 19. Qb3 a4 20. Qxa4 Bxf1 21. Qxc6 Bxg2 22. Kxg2 f3+ 23. Kg1 Qg5 24. h4 Qg4 25. cxd6 Rad8 26. Nce3 Qe6 27. Nc7 Qxa2 28. d7 Qxb2 29. Ne6 Qc3 30. Nxd8 Rxd8 31. Qe6+ Kf8 32. Qd6+ Kg8 33. Nd5 Qc2 34. Qe6+ Kh8 35. Qe8+ Bf8 36. Qxd8 Qxd1+ 37. Kh2 Kg8 38. Qxf8+ Kxf8 39. d8=Q+ Kg7 40. Qf6+ Kh6 41. Qf8+ 1-0


[Site "https://www.chess.com"]

[Event "Titled Tuesday Blitz July 11 Early 2023"]
[White "Geivondian, Arman"]
[Black "Tanmay Jain"]
[WhiteFideId "24102032"]
[BlackFideId "45015481"]
[WhiteElo "2590"]
[BlackElo "2454"]
[Result "1-0"]
[Round "11"]
[TimeControl "180+2"]
[Date "2023.07.11"]
[WhiteClock "0:02:01"]
[BlackClock "0:00:00"]
[Board "52"]

1. e4 c5 2. Nf3 d6 3. Bb5+ Bd7 4. Bxd7+ Nxd7 5. c4 Ngf6 6. Nc3 g6 7. d4 cxd4 8. Nxd4 Bg7 9. Be3 O-O 10. f3 Rc8 11. b3 a6 12. Rc1 Qa5 13. Qd2 Ne5 14. O-O Rfd8 15. Rfd1 Qc7 16. h3 Qd7 17. Nd5 Nxd5 18. cxd5 Rxc1 19. Rxc1 Rc8 20. f4 Rxc1+ 21. Qxc1 Nd3 22. Qc4 Nc5 23. Nf3 b5 24. Qc2 Nb7 25. Bb6 h6 26. b4 e6 27. Qc6 Qe7 28. dxe6 fxe6 29. e5 dxe5 30. fxe5 Nd8 31. Qc8 Qxb4 32. Qxd8+ Kh7 33. Qd2 Qb1+ 34. Kh2 Qf5 35. Bd4 g5 36. Kg3 Kg6 37. h4 g4 38. Ne1 Bxe5+ 39. Bxe5 Qxe5+ 40. Kf2 h5 41. Nd3 Qd4+ 42. Kf1 Qd5 43. Nf4+ 1-0


[Site "https://www.chess.com"]